 Dungeon Crawl Stone Soup version 0.24.0-13-gcf9b319 (webtiles) character file.

Game seed: 12105610378989537311, levelgen mode: deterministic

346 qfra19945 the Grave Robber (level 6, -15/51 HPs)
             Began as a Deep Dwarf Necromancer on Apr 6, 2020.
             Was an Initiate of Yredelemnul.
             Killed by drain life
             ... invoked by a soul eater
             ... summoned by miscasting Vampiric Draining
              (19 damage)
             ... on level 6 of the Dungeon.
             The game lasted 00:28:36 (3159 turns).

qfra19945 the Grave Robber (Deep Dwarf Necromancer) Turns: 3159, Time: 00:28:37

Health: -15/51     AC:  9    Str: 11    XL:     6   Next: 32%
Magic:  1/4        EV:  6    Int: 18    God:    Yredelemnul [......]
Gold:   39         SH:  0    Dex: 13    Spells: 0/9 levels left

rFire    . . .     SeeInvis .   e - +0 dagger
rCold    . . .     Gourm    .   (no shield)
rNeg     . . .     Faith    .   f - +0 chain mail
rPois    .         Spirit   .   (no helmet)
rElec    .         Reflect  .   (no cloak)
rCorr    .         Harm     .   (no gloves)
MR       .....                  (no boots)
Stlth    ..........             (no amulet)
HPRegen  0.00/turn              (no ring)
MPRegen  0.09/turn              (no ring)

@: very slightly contaminated, non-regenerating, lightly drained
A: damage resistance, heal wounds, sense surroundings 1, no regeneration
a: Heal Wounds, Renounce Religion


You were on level 6 of the Dungeon.
You worshipped Yredelemnul.
Yredelemnul was noncommittal.
You were near starving.

You visited 2 branches of the dungeon, and saw 7 of its levels.

You collected 39 gold pieces.

Inventory:

Hand Weapons
 e - a +0 dagger (weapon)
Missiles
 b - 5 atropa-tipped darts (quivered)
Armour
 f - a +0 chain mail (worn)
 i - a cursed +0 scale mail
Wands
 g - a wand of paralysis (7)
 k - a wand of clouds (7)
Scrolls
 a - a scroll of noise {unknown}
 d - 4 scrolls of identify {unknown}
 h - 3 scrolls of remove curse {unknown}
 j - a scroll of enchant weapon {unknown}
Comestibles
 c - a ration


   Skills:
 + Level 1.6(1.4) Fighting
 + Level 3.1(2.9) Short Blades
 + Level 3.5(3.3) Armour
 + Level 2.7(2.5) Dodging
 + Level 2.5(2.2) Stealth
 + Level 2.0(1.8) Spellcasting
 + Level 5.2(5.0) Necromancy


You couldn't memorise any spells.
You knew the following spells:

 Your Spells              Type           Power        Failure   Level  Hunger
a - Pain                  Necr           ###.         75%         1    #......
b - Animate Skeleton      Necr           N/A          75%         1    #......
c - Vampiric Draining     Necr           ###.......   98%         3    ###....
d - Animate Dead          Necr           N/A          100%        4    #####..

Your spell library contained the following spells:

 Spells                   Type           Power        Failure   Level  Hunger
 Passwall                 Tmut/Erth      #.......     100%        2    ###....
 Swiftness                Chrm/Air       #.......     100%        2    ###....
 Passage of Golubria      Tloc           N/A          100%        4    #####..
 Lee's Rapid Deconstruct  Erth           #.........   100%        5    ######.
 Darkness                 Hex            #.........   100%        6    #######
 Invisibility             Hex            #.......     100%        6    #######
 Regeneration             Chrm/Necr      Unusable     N/A         3    N/A

Dungeon Overview and Level Annotations

Branches:
Dungeon (6/15)             Temple (1/1) D:5

Altars:
Cheibriados
Elyvilon
Makhleb
Nemelex Xobeh
Sif Muna
Wu Jian
Yredelemnul
The Shining One
Lugonu

Annotations:
D:3 Grinder


Innate Abilities, Weirdness & Mutations

You are resistant to damage.
You can heal yourself by infusing magical energy.
You passively map a small area around you.
You do not regenerate.


Message History

The ogre is heavily wounded.
The soul eater closely misses you. The ogre hits you with a +0 giant club!
The crimson imp hits you. The soul eater hits you.
You feel drained. The crimson imp barely misses you.
You climb upwards.
The bullfrog zombie barely misses you. x2
There is a stone staircase leading down here.
The bullfrog zombie hits you. The ogre barely misses you.
The crimson imp shouts, "Give up, thou craven tickle-brained nightsoil!"
The crimson imp blinks!
You climb downwards.
The soul eater draws from the surrounding life force!
* * * LOW HITPOINT WARNING * * *
There is a stone staircase leading up, spattered with blood here.
Okay, then.
Unknown command.
You fail to use your ability.
The ogre hits you with a +0 giant club!
* * * LOW HITPOINT WARNING * * *
The soul eater draws from the surrounding life force!
You die...
Your body rises from the dead as a mindless zombie.

#..............#
#..............#
#..............#,
#..............# ,
#..............#, ,
#......<.......#
#..W##..###....#**#
#.3.##..###....#,..
#...@..........#...
#....O.........'...
#..............#...
##########.....# ,,
#.......###'####
#..........?...#
#..............#
#..............#
#....).........# ,


You could see a soul eater, a phantom and an ogre.

Vanquished Creatures
  A sky beast (D:5)
  A scorpion (D:6)
  2 hounds (D:5)
  A centaur skeleton (D:5)
  Jessica (D:3)
  A hound zombie (D:5)
  2 adders
  An ooze (D:5)
  2 adder zombies (D:5)
  4 leopard geckos
  An orc (D:3)
  9 bats
  5 giant cockroaches
  3 goblins (D:1)
  2 hobgoblins
  3 jackals (D:4)
  4 kobolds
  A quokka (D:3)
  2 frilled lizards (D:1)
  4 rats
50 creatures vanquished.

Notes
Turn   | Place    | Note
-------+----------+-------------------------------------------
     0 | D:1      | qfra19945 the Deep Dwarf Necromancer began the quest for
                  | the Orb.
     0 | D:1      | Reached XP level 1. HP: 15/15 MP: 3/3
   743 | D:1      | Reached XP level 2. HP: 16/22 MP: 2/4
   850 | D:1      | Reached skill level 5 in Necromancy
  1211 | D:1      | Found a glowing golden altar of the Shining One.
  1256 | D:1      | Learned a level 1 spell: Animate Skeleton
  1438 | D:2      | Found a white marble altar of Elyvilon.
  1527 | D:2      | Reached XP level 3. HP: 26/30 MP: 5/5
  1619 | D:4      | Reached skill level 1 in Armour
  1632 | D:4      | Reached skill level 1 in Short Blades
  1976 | D:3      | Noticed Jessica
  1989 | D:3      | Killed Jessica
  1989 | D:3      | Reached XP level 4. HP: 5/37 MP: 1/6
  2012 | D:3      | Noticed Grinder
  2052 | D:5      | Entered Level 5 of the Dungeon
  2168 | D:5      | Reached XP level 5. HP: 37/43 MP: 6/6
  2223 | D:5      | Noticed a sky beast
  2311 | D:5      | Killed a sky beast
  2311 | D:5      | Reached skill level 1 in Fighting
  2392 | D:5      | Found a staircase to the Ecumenical Temple.
  2406 | Temple   | Entered the Ecumenical Temple
  2490 | Temple   | Became a worshipper of Yredelemnul the Dark
  2589 | D:5      | Learned a level 3 spell: Vampiric Draining
  2636 | D:5      | Reached XP level 6. HP: 50/51 MP: 5/5
  2745 | D:5      | Learned a level 4 spell: Animate Dead
  2859 | D:6      | Found Nosuykuo's Weapon Boutique.
  3149 | D:6      | Noticed a soul eater
  3159 | D:6      | Killed from afar by a soul eater

Levels and vault maps discovered:
D:1:      lightli_arrival_noodles, layout_basic, nrook_mini_vaults,
          tso_metal_star
D:2:      layout_loops_ring, lemuel_round_altar, minmay_tripent, uniq_terence,
          uniq_sigmund
D:3:      layout_basic, uniq_jessica, uniq_grinder
D:4:      layout_basic, kennysheep_mini, serial_shops, shop, first_ration,
          gup_sewer_entry_bowl, nicolae_elemental_shop,
          nicolae_gozag_cash_rules_everything_around_me, uniq_purgy
D:5:      layout_cave_pools, zin_academy, minmay_temple_entry_antechambers,
          hangedman_decor_points
D:6:      layout_gridville, gammafunk_temple_overflow_claw, lemuel_round_altar,
          serial_shops, shop
Temple:   corrupted_temple

Skill      XL: |  1  2  3  4  5  6 |
---------------+-------------------+-----
Necromancy     | 5 |  5.2
Armour         | 1 2 3 |  3.5
Short Blades   | 1 2 3 |  3.1
Fighting       | 1 |  1.6
Spellcasting   | 2 |  2.0
Dodging        | |  2.7
Stealth        | |  2.5

Action                   |  1- 3 |  4- 6 || total
-------------------------+-------+-------++-------
Melee: Unarmed           |    13 |       ||    13
       Dagger            |   349 |   430 ||   779
 Cast: Pain              |     9 |     3 ||    12
 Abil: Heal Wounds       |     2 |    18 ||    20
Evoke: Wand              |       |     1 ||     1
  Use: Scroll            |       |     2 ||     2
       Potion            |       |     2 ||     2
  Eat: Chunk             |     1 |       ||     1
       Ration            |     1 |     1 ||     2
Armor: Robe              |     5 |       ||     5
       Chain mail        |   456 |   283 ||   739
Dodge: Dodged            |   178 |   146 ||   324
